 Dungeon Crawl Stone Soup version 0.17-a0-1941-gcc30b76 (webtiles) character file.

10196 Kusio the Bludgeoner (level 11, -1/180 HPs)
             Began as an Ogre Berserker on Sept 30, 2015.
             Was a High Priest of Trog.
             Slain by an orc warrior
             ... wielding a +0 trident
              (5 damage)
             ... on level 10 of the Dungeon.
             The game lasted 00:28:33 (9196 turns).

Kusio the Bludgeoner (Ogre Berserker)               Turns: 9196, Time: 00:28:33

Health: -1/180     AC: 29    Str: 24    XL:     11   Next: 58%
Magic:  11/11      EV:  1    Int:  6    God:    Trog [*****.]
Gold:   517        SH:  0    Dex: 12    Spells: 0 memorised, 10 levels left

rFire  . . .     SeeInvis .     C - +0 giant club
rCold  . . .     Clarity  .     (armour currently unavailable)
rNeg   + + +     SustAt   .     (no shield)
rPois  +         Gourm    +     (helmet currently unavailable)
rElec  .         Spirit   .     (cloak currently unavailable)
rCorr  .         Warding  .     (gloves unavailable)
rMut   .         NoTele   +     (boots unavailable)
MR     +....                    d - amulet of the gourmand
Stlth  +.........               A - +3 ring of evasion
                                u - +4 ring of protection

@: tree-form, very slightly contaminated, hasted, very quick, somewhat resistant
to hostile enchantments, very unstealthy
A: unfitting armour, (tough skin 0)
a: Burn Spellbooks, Berserk, Trog's Hand, Brothers in Arms, Renounce Religion


You were on level 10 of the Dungeon.
You worshipped Trog.
Trog was extremely pleased with you.
You were very full.
You were a tree.
You visited 1 branch of the dungeon, and saw 10 of its levels.

You collected 517 gold pieces.

Inventory:

Hand weapons
 C - a +0 giant club (weapon)
 D - a +4 great mace of holy wrath
 P - a +0 giant spiked club
Missiles
 M - 4 tomahawks (quivered)
Armour
 o - a +0 cloak (melded)
 G - a +1 robe of the Archmagi (melded)
Jewellery
 d - an amulet of the gourmand (around neck)
 u - a +4 ring of protection (left branch)
 v - a +4 ring of intelligence
 A - a +3 ring of evasion (right branch)
 K - an uncursed ring of sustain attributes
Scrolls
 i - a scroll of enchant armour {unknown}
 j - a scroll of fog
 n - a scroll of immolation {unknown}
 t - 4 scrolls of remove curse
 I - a scroll of recharging {unknown}
 L - a scroll of blinking {unknown}
Potions
 a - a potion of heal wounds {unknown}
 h - a potion of might {unknown}
 k - a potion of haste
 l - 4 potions of agility
 m - 2 potions of brilliance
 p - a potion of ambrosia {unknown}
 s - 2 potions of flight {unknown}
 x - a potion of cure mutation {unknown}
 z - a potion of degeneration {unknown}
 B - 5 potions of curing
 E - 2 potions of beneficial mutation {unknown}
 F - a potion of magic {unknown}
 H - a potion of poison {unknown}
 N - a potion of mutation
Comestibles
 c - 9 bread rations
 f - 2 slices of pizza
 g - 3 beef jerkies
 r - 5 meat rations


   Skills:
 * Level 11.3 Fighting
 - Level 18.1 Maces & Flails
 + Level 5.9 Dodging


You had 10 spell levels left.
You didn't know any spells.

Dungeon Overview and Level Annotations

Branches:
Dungeon (10/15)            Temple (0/1) D:5
   Lair: D:8-11         Orc: D:9-12

Altars:
Fedhas
Nemelex Xobeh
Okawaru

Shops:
D:8 [

Annotations:
D:10 Kuldar's ghost, experienced DEWz; Sonja


Innate Abilities, Weirdness & Mutations

You are too large for most types of armour.
((You have tough skin (AC +1).))


Message History

Sonja shoots a curare-tipped needle.
The curare-tipped needle hits your ogre.
Your ogre is poisoned.
Your ogre convulses.
Your ogre seems to slow down.
You barely miss the orc knight.
The orc knight is moderately wounded.
Kuldar's ghost lets out a mournful wail.
Your troll completely misses Sonja. x3
You sock the orc knight!
The orc knight is heavily wounded.
The orc knight roars a battlecry!
The orc warrior goes into a battle-frenzy!
The orc knight hits you with a war axe!
* * * LOW HITPOINT WARNING * * *
The orc knight hits your ogre with a war axe!
The orc hits you with a hand axe.
* * * LOW HITPOINT WARNING * * *
You thump the orc knight!
The orc knight is severely wounded.
The orc warrior hits you from afar with a trident.
You die...

,,,,,*,,,*,,,,,,,***,,,* **,,,,,,
,,,,,',,,+,,,,,,,,<***,* *,,,,,,
,,,,,*,,,*,,,,,,,***,,,* **,,,,,
,,,,,*,,,*,,,,,##*,,,,,* *,,,,,
#*,,,*,,,*,,,**#.,,,,#####**,,,,,
.***,*,,,*,##*,,.,,**.....,,,,,,,
.,,***>,<###..,,.####T(...,,,,,,,
,,,,,****#.....##O(.K.....,,,,,,,
,,,,,,,*,....OWo♣Oo.......,,,,,,,
*,,,,,,,,..###'##o?.......,,,,,,,
*,,,,,,,,,**#...§......!..,,,,,,,
,,,,,,***,**#...§.........,,,,,,,
.,,,,,*,,,y...............,,**,,,
.,,,,,*,*+##.#+#..........,***,,,
.,,,,,*,,,..,*+#..........,+,*,,,
.,,,,,,,,,.,,,,..#..?.....,*,*,,,
,,,,,,,,,,,,,,...+....###.,,,,,,,


You could see an orc knight, an ogre mage, Sonja, an orc warrior (frenzied),
Kuldar's ghost, an orc (frenzied), a friendly troll (berserk) and 2 friendly
ogres.

Vanquished Creatures
  Gastronok (D:9)
  A catoblepas (D:9)
  An unseen horror (D:10)
  Pikel (D:9)
  A hill giant (D:10)
  The ghost of chimenez the Basher, an experienced FoFi (D:5)
  2 trolls (D:9)
  Prince Ribbit (D:9)
  2 hippogriffs
  A basilisk (D:10)
  A wyvern (D:10)
  A yak (D:9)
  Menkaure (D:4)
  A water moccasin (D:7)
  A hungry ghost (D:7)
  2 sky beasts
  A slave (D:9)
  A necrophage (D:9)
  2 ice beasts
  An orc warrior (D:7)
  4 ogres
  A phantom (D:7)
  4 centaurs
  Blork the orc (D:5)
  3 giant frogs
  2 big kobolds
  A water moccasin zombie (D:8)
  10 wights (D:8)
  A water moccasin skeleton (D:8)
  6 killer bees
  A wasp zombie (D:9)
  2 crimson imps (D:6)
  3 hounds
  A giant frog skeleton (D:9)
  A jelly (D:8)
  3 centaur skeletons
  An iguana (D:4)
  12 orc wizards
  6 orc priests
  13 worker ants
  4 hound skeletons
  5 worker ant zombies
  19 adders
  5 gnolls
  3 adder zombies
  2 oozes
  2 adder skeletons
  4 worms
  2 giant geckos
  36 orcs
  10 giant cockroaches
  2 goblins
  5 hobgoblins
  19 jackals
  16 kobolds
  4 quokkas
  A ball python (D:4)
  A ball python skeleton (D:5)
  8 bats
  A giant gecko skeleton (D:5)
  4 giant newts
  A jackal skeleton (D:4)
  9 rats
263 creatures vanquished.

Vanquished Creatures (collateral kills)
  2 orc warriors (D:10)
  2 giant frogs (D:10)
  2 killer bees (D:10)
  An orc priest (D:10)
  An orc wizard (D:10)
  2 orcs (D:10)
10 creatures vanquished.

Vanquished Creatures (others)
  A quasit (D:9)
  An adder (D:9)
2 creatures vanquished.

Grand Total: 275 creatures vanquished

Notes
Turn   | Place    | Note
--------------------------------------------------------------
     0 | D:1      | Kusio the Ogre Berserker began the quest for the Orb.
     0 | D:1      | Reached XP level 1. HP: 24/24 MP: 1/1
    95 | D:1      | Reached XP level 2. HP: 24/32 MP: 2/2
   318 | D:1      | Reached skill level 5 in Maces & Flails
   458 | D:2      | Acquired Trog's second power
   490 | D:2      | Reached XP level 3. HP: 19/39 MP: 3/3
  1131 | D:2      | Found a blossoming altar of Fedhas.
  1202 | D:2      | Reached skill level 6 in Maces & Flails
  1423 | D:2      | Reached XP level 4. HP: 40/48 MP: 4/4
  2047 | D:3      | Reached skill level 7 in Maces & Flails
  2054 | D:3      | Reached XP level 5. HP: 54/54 MP: 5/5
  2215 | D:3      | Reached skill level 8 in Maces & Flails
  2828 | D:3      | Reached XP level 6. HP: 59/62 MP: 6/6
  3277 | D:4      | Noticed Menkaure
  3285 | D:4      | Killed Menkaure
  3285 | D:4      | Reached skill level 9 in Maces & Flails
  3625 | D:4      | Reached XP level 7. HP: 70/70 MP: 7/7
  3627 | D:4      | Reached skill level 10 in Maces & Flails
  4237 | D:5      | Entered Level 5 of the Dungeon
  4261 | D:5      | Noticed chimenez's ghost (experienced FoFi)
  4275 | D:5      | Killed chimenez's ghost
  4275 | D:5      | Reached skill level 11 in Maces & Flails
  4346 | D:5      | Reached XP level 8. HP: 78/78 MP: 8/8
  4713 | D:5      | Reached skill level 12 in Maces & Flails
  4933 | D:5      | Found a staircase to the Ecumenical Temple.
  4935 | D:5      | Acquired Trog's third power
  5020 | D:5      | Noticed Blork the orc
  5031 | D:5      | Killed Blork the orc
  5326 | D:6      | Reached skill level 13 in Maces & Flails
  5802 | D:6      | Reached skill level 14 in Maces & Flails
  5848 | D:6      | Reached XP level 9. HP: 47/84 MP: 9/9
  6117 | D:7      | Found a sparkling altar of Nemelex Xobeh.
  6169 | D:7      | Reached skill level 15 in Maces & Flails
  7144 | D:7      | Reached skill level 16 in Maces & Flails
  7438 | D:8      | Reached XP level 10. HP: 86/92 MP: 10/10
  7533 | D:8      | Found Itsotofu's Armour Emporium.
  7539 | D:8      | Reached skill level 17 in Maces & Flails
  8038 | D:9      | Noticed Prince Ribbit
  8042 | D:9      | Noticed a catoblepas
  8090 | D:9      | Killed Prince Ribbit
  8285 | D:9      | Reached skill level 18 in Maces & Flails
  8309 | D:9      | Killed a catoblepas
  8309 | D:9      | Reached skill level 5 in Fighting
  8412 | D:9      | Noticed Pikel
  8425 | D:9      | Killed Pikel
  8425 | D:9      | Received a gift from Trog
  8563 | D:9      | Noticed Gastronok
  8578 | D:9      | Killed Gastronok
  8578 | D:9      | Reached skill level 5 in Dodging
  8578 | D:9      | Reached XP level 11. HP: 115/115 MP: 11/11
  8619 | D:9      | Found an iron altar of Okawaru.
  9041 | D:10     | Entered Level 10 of the Dungeon
  9049 | D:10     | Reached skill level 10 in Fighting
  9088 | D:10     | Noticed a hill giant
  9107 | D:10     | Killed a hill giant
  9150 | D:10     | Killed an unseen horror
  9154 | D:10     | Noticed an ogre mage
  9157 | D:10     | Noticed an orc knight
  9157 | D:10     | Noticed Kuldar's ghost (experienced DEWz)
  9168 | D:10     | Noticed Sonja
  9195 | D:10     | HP: 4/180 [orc/hand axe (6)]
  9196 | D:10     | Slain by an orc warrior

Vault maps used:
D:1:      dpeg_arrival_pond, minmay_misc_feat_alley
D:2:      old_standard_altar
D:4:      uniq_menkaure
D:5:      minmay_temple_entry_junction, first_bread, kennysheep_generic_room_8,
          uniq_blork_the_orc
D:7:      lemuel_upstairs_altar, grunt_ogre_cave, serial_park_tiny_1,
          nemelex_xobeh_ov_fountains_minmay
D:8:      serial_shops, shop
D:9:      minmay_ornate_pinched, okawaru_ov_weapons_minmay, uniq_prince_ribbit1,
          uniq_gastronok, uniq_pikel
D:10:     minmay_diamond_stairs, uniq_sonja

Action                   |  1- 3 |  4- 6 |  7- 9 | 10-12 || total
-------------------------+-------+-------+-------+-------++-------
Melee: Mace              |   124 |   233 |   578 |     3 ||   938
       Giant club        |       |       |       |   209 ||   209
       Great mace        |       |       |       |    17 ||    17
Throw: Tomahawk          |       |       |       |     4 ||     4
Invok: Berserk           |     1 |     4 |     7 |     4 ||    16
       Burn Spellbooks   |     1 |       |       |     1 ||     2
       Brothers in Arms  |       |       |       |     4 ||     4
  Use: Scroll            |       |     1 |     5 |     8 ||    14
       Potion            |       |       |     1 |     2 ||     3
 Stab: Sleeping          |     1 |     1 |     1 |       ||     3
  Eat: Chunk             |    12 |     9 |    21 |    18 ||    60
